 Dungeon Crawl Stone Soup version 0.18-a0-1800-gdc7a371 (webtiles) character file.

167 epen the Insei (level 5, -22/37 HPs)
             Began as an Octopode Monk on Apr 24, 2016.
             Killed from afar by a hobgoblin (57 damage)
             ... with an exploding inner flame
             ... hexed by the player character
             ... on level 3 of the Dungeon.
             The game lasted 00:03:27 (1976 turns).

epen the Insei (Octopode Monk)                      Turns: 1976, Time: 00:03:28

Health: -22/37     AC:  1    Str: 16    XL:     5   Next: 48%
Magic:  5/5        EV: 14    Int: 12    God:
Gold:   53         SH:  0    Dex: 16    Spells: 0 memorised, 4 levels left

rFire  . . .     SeeInvis .       - Unarmed
rCold  . . .     Gourm    .     (no shield)
rNeg   . . .     Faith    .     (helmet restricted)
rPois  .         Spirit   .     f - amulet of harm
rElec  .         Dismiss  .     (no ring)
rCorr  .         Reflect  .     w - +6 ring of strength
SustAt .         Harm     +     (no ring)
MR     .....                    (no ring)
Stlth  ++++......               (no ring)
                                (no ring)
                                (no ring)
                                (no ring)

@: not resistant to hostile enchantments, stealthy
A: almost no armour, amphibious, 8 rings, constrict 8, camouflage 1, gelatinous
body 1
a: no special abilities


You were on level 3 of the Dungeon.
You were not hungry.

You visited 1 branch of the dungeon, and saw 3 of its levels.

You collected 53 gold pieces.

Inventory:

Jewellery
 c - an uncursed ring of fire
 f - an amulet of harm (around mantle)
 w - a +6 ring of strength (right tentacle)
Wands
 t - a wand of disintegration (8/24)
Scrolls
 g - 2 scrolls of remove curse
 h - 2 scrolls of teleportation
 k - 2 scrolls of enchant weapon
 m - a scroll of magic mapping
 p - a scroll of random uselessness
Potions
 i - 2 potions of heal wounds
 j - 2 potions of agility
 n - a potion of resistance
 q - a potion of flight
 s - a potion of cure mutation
 v - a potion of brilliance {unknown}
 x - a potion of might
Comestibles
 a - 2 bread rations
 b - 2 beef jerkies
 o - a meat ration
 r - a royal jelly


   Skills:
 + Level 3.9 Fighting
 * Level 4.0 Dodging
 + Level 3.7 Stealth
 * Level 5.0 Unarmed Combat


You had 4 spell levels left.
You didn't know any spells.

Dungeon Overview and Level Annotations

Branches:
Dungeon (3/15)

Altars:
Gozag
Okawaru


Innate Abilities, Weirdness & Mutations

You cannot wear most types of armour.
You are amphibious.
You can wear up to eight rings at the same time.
You can use your tentacles to constrict eight enemies at once.
Your skin changes colour to match your surroundings (Stealth).
Your rubbery body absorbs attacks (AC +1).


Message History

You feel momentarily disoriented.
It was a scroll of magic mapping.
Your surroundings suddenly seem different.
Read which item? (? for menu, Esc to quit)
As you read the scroll labeled PEGUIBODW FILO, it crumbles to dust.
Your tentacles glow pale blue for a moment.
It was a scroll of random uselessness.
Read which item? (? for menu, Esc to quit)
As you read the scroll labeled ISIGOK NUNEMA, it crumbles to dust.
The scroll dissolves into smoke.
It was a scroll of fog.
You can't go down here!
The hobgoblin shouts!
You tentacle-slap the hobgoblin but do no damage.
You grab the hobgoblin. You squeeze the hobgoblin.
The hobgoblin is heavily wounded.
You constrict the hobgoblin. The hobgoblin hits you.
You tentacle-slap the hobgoblin.
The hobgoblin explodes!
The fiery explosion engulfs you!
Ouch! That really hurt!
You die...

#.........#..#####
#............#####
##.........#.......
#..........)...####
#...[.......†......
#....##.##.##.###..
#..[.##.##.##.# #.#
#....##.##.##.# #.#
#§@..##.##.##.# #§#
#######.............###§#
#...).§.......##....§..§#
#.###...............#####
#.# #......##.#####.##
#.# #......##.####...#
#.# ##..........##...###
#.#####.#..##.#........#
#.=........#...........##


There were no monsters in sight!

Vanquished Creatures
  A scorpion (D:3)
  3 gnolls (D:3)
  4 adders
  2 dart slugs
  3 giant geckos
  3 orcs (D:3)
  2 bats
  3 giant cockroaches
  6 goblins
  6 hobgoblins
  A quokka (D:3)
  2 ball pythons (D:3)
  3 giant newts
  7 kobolds
  5 rats
51 creatures vanquished.

Notes
Turn   | Place    | Note
--------------------------------------------------------------
     0 | D:1      | epen the Octopode Monk began the quest for the Orb.
     0 | D:1      | Reached XP level 1. HP: 16/16 MP: 1/1
   226 | D:1      | Reached XP level 2. HP: 21/21 MP: 2/2
   881 | D:2      | Found an iron altar of Okawaru.
   935 | D:2      | Reached XP level 3. HP: 24/26 MP: 3/3
   937 | D:2      | Found a faded altar to an unknown god.
   972 | D:2      | Found an opulent altar of Gozag.
  1286 | D:3      | Reached XP level 4. HP: 21/31 MP: 4/4
  1502 | D:3      | Reached XP level 5. HP: 37/37 MP: 5/5
  1514 | D:3      | Reached skill level 5 in Unarmed Combat
  1976 | D:3      | Killed from afar by a hobgoblin

Vault maps used:
D:1:      dpeg_arrival_castle, minmay_box_of_dots
D:2:      grunt_gozag_breadcrumbs, ecumenical_altar_2, okawaru_trees_2
D:3:      first_bread, minmay_misc_feat_cross

Skill      XL: |  1  2  3  4  5 |
---------------+----------------+-----
Stealth        | 3 |  3.7
Unarmed Combat | 5 |  5.0
Dodging        | 4 |  4.0
Fighting       | |  3.9

Action                   |  1- 3 |  4- 6 || total
-------------------------+-------+-------++-------
Melee: Unarmed           |    51 |    41 ||    92
       Constrict         |    14 |    14 ||    28
       Tentacles         |     9 |    11 ||    20
       Punch             |     2 |     1 ||     3
  Use: Scroll            |       |    14 ||    14
 Stab: Sleeping          |    10 |     3 ||    13
  Eat: Chunk             |       |     3 ||     3
Armor: Skin              |     4 |     2 ||     6
Dodge: Dodged            |    30 |    15 ||    45
